 Dungeon Crawl Stone Soup version 0.22-a0-776-ge6d7efa (webtiles) character file.

43 Hebeh the Conjurer (level 3, 0/17 HPs)
             Began as a Deep Elf Conjurer on July 18, 2018.
             Succumbed to an adder's poison
             ... on level 2 of the Dungeon.
             The game lasted 00:05:22 (1078 turns).

Hebeh the Conjurer (Deep Elf Conjurer)              Turns: 1078, Time: 00:05:23

Health: 0/17       AC:  2    Str:  5    XL:     3   Next: 37%
Magic:  1/10       EV: 18    Int: 23    God:
Gold:   42         SH:  0    Dex: 22    Spells: 6/9 levels left

rFire    . . .     SeeInvis .   d - +0 dagger (venom)
rCold    . . .     Gourm    .   (no shield)
rNeg     . . .     Faith    .   a - +0 robe
rPois    .         Spirit   .   (no helmet)
rElec    .         Reflect  .   (no cloak)
rCorr    .         Harm     .   (no gloves)
MR       .....                  (no boots)
Stlth    ++++......             (no amulet)
HPRegen  0.05/turn              (no ring)
MPRegen  0.12/turn              (no ring)

@: brilliant, agile, lethally poisoned (0 -> -2), very slightly contaminated,
hasted, invisible, very quick
A: agile 1, dopey 1, frail 1, sense surroundings 1
a: no special abilities


You were on level 2 of the Dungeon.
You were not hungry.

You visited 1 branch of the dungeon, and saw 2 of its levels.

You collected 42 gold pieces.

Inventory:

Hand Weapons
 d - a +0 dagger of venom (weapon)
 e - a +1 vampiric spear
Missiles
 b - 61 stones (quivered)
Armour
 a - a +0 robe (worn)
Jewellery
 n - a cursed ring of loudness {unknown}
Scrolls
 f - a scroll of remove curse {unknown}
 i - 2 scrolls of teleportation {unknown}
 j - a scroll of noise {unknown}
 k - a scroll of fog {unknown}
Comestibles
 c - a ration


   Skills:
 - Level 2.4 Dodging
 - Level 2.4 Stealth
 + Level 3.8 Spellcasting
 * Level 5.3 Conjurations


You had 6 spell levels left.
You knew the following spells:

 Your Spells              Type           Power        Failure   Level  Hunger
a - Magic Dart            Conj           ####         1%          1    None
c - Searing Ray           Conj           #####.       1%          2    #......

Your spell library contained the following spells:

 Spells                   Type           Power        Failure   Level  Hunger
 Iskenderun's Mystic Bla  Conj           #####...     1%          4    ####...
 Fulminant Prism          Conj/Hex       ####......   4%          4    ####...
 Dazzling Spray           Conj/Hex       ####..       1%          3    ###....
 Force Lance              Conj/Tloc      ####....     4%          4    ####...


Dungeon Overview and Level Annotations

Branches:
Dungeon (2/15)

Altars:


Innate Abilities, Weirdness & Mutations

You are agile. (Dex +2)
You are dopey. (Int -2)
You are frail. (-10% HP)
You passively map a small area around you.


Message History

Found a scroll labeled FAFFOTZYUSI.
It was a potion of haste.
You feel yourself speed up.
* * * LOW HITPOINT WARNING * * *
You feel sick.
Your magical contamination has completely faded away.
It was a potion of invisibility.
You fade into invisibility!
You are very lightly contaminated with residual magic.
It was a potion of brilliance.
You feel clever all of a sudden.
It was a potion of agility.
You feel agile all of a sudden.
It was a potion of mutation.
You feel extremely strange.
You feel frail.
You feel a strange attunement to the structure of the dungeons.
You feel stupid.
You feel agile.
You aren't carrying any potions.
Drop what? 10/52 slots (_ for help) (? for menu, Esc to quit)
Okay, then.
You die...

* #†#.. , * * ,
#.... , ,. ....
, ,* * .. ##.. *
, , , *
#..#...#####* *
* *
#..†...<.>.#*, ,
,..#........#
.....$...†.# *
.......@...#* *
* ,
...............,
, *
...............
,
...........####
...........#
,..........## ,
.........## *
..#.....?. * * *


There were no monsters in sight!

Vanquished Creatures
  An adder (D:2)
  A leopard gecko (D:1)
  3 bats (D:1)
  4 giant cockroaches (D:1)
  5 goblins (D:1)
  4 hobgoblins (D:1)
  2 jackals (D:2)
  2 frilled lizards (D:1)
  4 kobolds (D:1)
  2 rats (D:2)
28 creatures vanquished.

Notes
Turn   | Place    | Note
-------+----------+-------------------------------------------
     0 | D:1      | Hebeh the Deep Elf Conjurer began the quest for the Orb.
     0 | D:1      | Reached XP level 1. HP: 10/10 MP: 6/6
   159 | D:1      | Reached XP level 2. HP: 15/15 MP: 4/8
   391 | D:1      | Reached skill level 5 in Conjurations
   746 | D:1      | Reached XP level 3. HP: 19/19 MP: 7/10
  1008 | D:1      | Learned a level 2 spell: Searing Ray
  1077 | D:2      | Gained mutation: You are frail. (-10% HP) [potion of mutation]
  1077 | D:2      | Gained mutation: You passively map a small area around you. [potion of mutation]
  1077 | D:2      | Gained mutation: You are dopey. (Int -2) [potion of mutation]
  1077 | D:2      | Gained mutation: You are agile. (Dex +2) [potion of mutation]
  1078 | D:2      | Succumbed to an adder's poison

Vault maps used:
D:1:      dpeg_arrival_rooms_c, minmay_misc_feat_ornament
D:2:      chequers_temple_overflow_minitemple, uniq_terence

Skill      XL: |  1  2 |
---------------+-------+-----
Conjurations   | 5 |  5.3
Dodging        | |  2.4
Stealth        | |  2.4
Spellcasting   | |  3.8

Action                   || total
-------------------------++-------
Melee: Dagger            ||    14
 Cast: Magic Dart        ||    56
  Use: Potion            ||     5
Armor: Robe              ||     3
Dodge: Dodged            ||    21

Table legend:
 A = Spawn XP
 B = Non-spawn XP
 C = Spawn XP percentage of total XP
 D = Spawn monster count
 E = Non-spawn monster count
 F = Spawn count percentage of total count
 G = Total turns spent on level
                    A         B        C        D         E        F      G
               +---------+---------+-------+---------+---------+-------+---------
         Total |       0 |      62 |   0.0 |       0 |      28 |   0.0 |  1078
               +---------+---------+-------+---------+---------+-------+---------
           D:1 |       0 |      43 |   0.0 |       0 |      23 |   0.0 |  1041
           D:2 |       0 |      19 |   0.0 |       0 |       5 |   0.0 |    37
               +---------+---------+-------+---------+---------+-------+---------
